[Event "Titled Tuesday Blitz July 25 Late 2023"]
[White "Taboas Rodriguez, Daniel"]
[Black "Hambleton, Aman"]
[WhiteFideId "2208466"]
[BlackFideId "2606577"]
[WhiteElo "2501"]
[BlackElo "2776"]
[Result "1-0"]
[Round "3"]
[TimeControl "180+2"]
[Date "2023.07.25"]
[WhiteClock "0:01:03"]
[BlackClock "0:00:01"]
[Board "59"]

1. d4 e5 2. dxe5 Nc6 3. Nf3 Qe7 4. Nc3 Nxe5 5. Nd5 Nxf3+ 6. gxf3 Qd8 7. Bf4 d6 8. e4 Nf6 9. Bc4 Be6 10. O-O c6 11. Ne3 Be7 12. Bxe6 fxe6 13. e5 Nd5 14. Bg3 Nxe3 15. fxe3 d5 16. Qd3 O-O 17. Kg2 Qb6 18. b3 Rf7 19. Rad1 Re8 20. e4 a5 21. c4 dxc4 22. Qxc4 Bf8 23. Rd3 Qb4 24. Qxb4 axb4 25. f4 g6 26. Rfd1 Rc7 27. Rd7 Rec8 28. Bh4 c5 29. Bf6 b5 30. f5 gxf5 31. exf5 exf5 32. e6 Rc6 33. Kf3 Re8 34. Rg1+ Bg7 35. Rgxg7+ Kf8 36. Rdf7# 1-0


[Site "https://www.chess.com"]

[Event "Titled Tuesday Blitz July 25 Late 2023"]
[White "Toniutti, Ezio"]
[Black "Pakleza, Zbigniew"]
[WhiteFideId "113034"]
[BlackFideId "1119290"]
[WhiteElo "2501"]
[BlackElo "2772"]
[Result "1-0"]
[Round "3"]
[TimeControl "180+2"]
[Date "2023.07.25"]
[WhiteClock "0:00:15"]
[BlackClock "0:00:02"]
[Board "60"]

1. d4 d6 2. c4 e5 3. Nc3 exd4 4. Qxd4 Nc6 5. Qd2 Nf6 6. b3 a5 7. Bb2 a4 8. Rd1 axb3 9. axb3 g6 10. g3 Bg7 11. Bg2 O-O 12. Nh3 Na5 13. Qc2 Bf5 14. e4 Re8 15. O-O Nxe4 16. Nxe4 Bxb2 17. Qxb2 Bxe4 18. Nf4 Bxg2 19. Kxg2 Nc6 20. h4 Ne5 21. c5 Ra6 22. Rfe1 Qa8 23. cxd6 b5+ 24. Nd5 Ra2 25. d7 Re6 26. Qxe5 Rxe5 27. Rxe5 Kg7 28. Re8 Qa7 29. Rg8+ Kh6 30. Rf1 Qd4 31. d8=Q Qe4+ 32. Kg1 Rxf2 33. Qg5# 1-0


[Site "https://www.chess.com"]

[Event "Titled Tuesday Blitz July 25 Late 2023"]
[White "Plotkin, Victor"]
[Black "Morefield, Jason"]
[WhiteFideId "2606674"]
[BlackFideId "30920825"]
[WhiteElo "2500"]
[BlackElo "2761"]
[Result "0-1"]
[Round "3"]
[TimeControl "180+2"]
[Date "2023.07.25"]
[WhiteClock "0:00:42"]
[BlackClock "0:01:30"]
[Board "61"]

1. e4 d6 2. d4 Nf6 3. Nc3 g6 4. f4 Bg7 5. e5 Nfd7 6. Nf3 c5 7. exd6 cxd4 8. Nxd4 O-O 9. Be2 exd6 10. O-O Nc5 11. Kh1 Nc6 12. Nxc6 bxc6 13. Be3 Qc7 14. Qd2 Rb8 15. b3 Re8 16. Rad1 Bf5 17. Bf3 Rbd8 18. Rfe1 h5 19. h3 h4 20. Re2 Ne6 21. Rde1 d5 22. Na4 d4 23. Bf2 Bf6 24. Be4 Bxe4 25. Rxe4 Rd5 26. Nb2 Rf5 27. Nd3 c5 28. R1e2 c4 29. bxc4 Qxc4 30. Ne5 Qxa2 31. Nxg6 fxg6 32. Rxe6 Rxe6 33. Rxe6 Qxe6 0-1


[Site "https://www.chess.com"]

[Event "Titled Tuesday Blitz July 25 Late 2023"]
[White "Elsa167"]
[Black "whiteglovethief"]
[WhiteElo "2761"]
[BlackElo "2492"]
[Result "1-0"]
[Round "3"]
[TimeControl "180+2"]
[Date "2023.07.25"]
[WhiteClock "0:01:07"]
[BlackClock "0:01:37"]
[Board "62"]

1. e4 d5 2. d3 dxe4 3. Nc3 exd3 4. Bxd3 Nf6 5. Bg5 Bg4 6. f3 Bh5 7. Qe2 Bg6 8. O-O-O Nbd7 9. h4 Bxd3 10. Rxd3 e6 11. Nh3 Bd6 12. Nb5 h6 13. Bxf6 Nxf6 14. Rhd1 O-O 15. Nxd6 cxd6 16. Rxd6 Qa5 17. Kb1 Nd5 18. c4 Qb4 19. Qe5 Nb6 20. Qb5 Qxb5 21. cxb5 Rac8 22. b3 Rc5 23. a4 Rc3 24. Kb2 Rfc8 25. Rd8+ Kh7 26. Rxc8 Rxc8 27. Nf4 g5 28. hxg5 hxg5 29. a5 gxf4 30. axb6 axb6 31. Rd7 Kg6 32. Rxb7 Rh8 33. Rxb6 Rh2 34. Rc6 Rxg2+ 35. Ka3 Rd2 36. b6 Rd7 37. Rc7 Rd6 38. b7 Rb6 39. Ka4 e5 40. Rc6+ Rxc6 41. b8=Q f6 42. Qe8+ 1-0


[Site "https://www.chess.com"]

[Event "Titled Tuesday Blitz July 25 Late 2023"]
[White "Roberson, Peter T"]
[Black "Fantastic_Power"]
[WhiteFideId "412384"]
[WhiteElo "2491"]
[BlackElo "2754"]
[Result "0-1"]
[Round "3"]
[TimeControl "180+2"]
[Date "2023.07.25"]
[WhiteClock "0:00:00"]
[BlackClock "0:00:03"]
[Board "63"]

1. c4 e6 2. d4 Nf6 3. Nc3 Bb4 4. Bd2 O-O 5. Nf3 c5 6. a3 Bxc3 7. Bxc3 b6 8. e3 Bb7 9. Bd3 Ne4 10. Qc2 f5 11. O-O d6 12. Nd2 Nxc3 13. Qxc3 Nd7 14. b4 Qg5 15. g3 Qg4 16. Rfe1 Rf6 17. Be2 Qh3 18. Bf1 Qh5 19. d5 Rh6 20. Bg2 Qxh2+ 21. Kf1 Ne5 22. Rad1 Rf8 23. Nf3 Nxf3 24. Bxf3 exd5 25. Bxd5+ Bxd5 26. Rxd5 Re6 27. Qd3 f4 28. gxf4 Rxf4 29. Qd2 Qh1+ 30. Ke2 Rxf2+ 31. Kxf2 Qh2+ 32. Kf3 Rf6+ 33. Ke4 Rf2 34. Qd1 Qg2+ 35. Kd3 Ra2 36. Re2 Qg6+ 37. Kc3 Qf6+ 38. Kb3 Ra1 39. Qd3 cxb4 40. axb4 a5 41. bxa5 bxa5 42. Rxd6 a4+ 43. Kb4 Qe7 44. c5 Qb7+ 45. Kc3 Ra3+ 46. Kd4 Qb4+ 47. Ke5 Rxd3 48. Rxd3 Qxc5+ 49. Rd5 Qc3+ 50. Kf4 a3 51. Red2 h6 52. R5d3 Qb4+ 53. Rd4 Qa5 54. Ra2 Qg5+ 55. Kf3 Qg6 56. Ke2 Qa6+ 0-1


[Site "https://www.chess.com"]

[Event "Titled Tuesday Blitz July 25 Late 2023"]
[White "Santos Ruiz, Miguel"]
[Black "Alboredo, Julia"]
[WhiteFideId "22291482"]
[BlackFideId "2124807"]
[WhiteElo "2753"]
[BlackElo "2486"]
[Result "1-0"]
[Round "3"]
[TimeControl "180+2"]
[Date "2023.07.25"]
[WhiteClock "0:00:07"]
[BlackClock "0:00:15"]
[Board "64"]

1. d3 Nf6 2. e4 d6 3. g3 g6 4. Bg2 Bg7 5. Nd2 O-O 6. Ngf3 e5 7. O-O Nc6 8. a4 Qe7 9. Re1 h6 10. c3 Nd7 11. b4 a6 12. Bb2 Kh7 13. b5 axb5 14. axb5 Rxa1 15. Qxa1 Nd8 16. d4 Ne6 17. Nc4 Ng5 18. Ne3 c6 19. bxc6 bxc6 20. Nxg5+ Qxg5 21. Qa3 c5 22. h4 Qd8 23. Nc4 Nb6 24. Nxb6 Qxb6 25. dxc5 Qxc5 26. Qxc5 dxc5 27. Ba3 Rd8 28. Bxc5 Rd3 29. Bb4 Kg8 30. Bf1 Rd8 31. Be2 Be6 32. Rd1 Rc8 33. f3 h5 34. Kf2 Bf8 35. Rb1 Bc5+ 36. Ke1 Be3 37. Ra1 Rd8 38. Rd1 Ra8 39. c4 Ra4 40. Rb1 Ra2 41. Bc3 f6 42. Bb2 Ra4 43. Ra1 Rb4 44. Bc3 Rb8 45. Bd2 Bd4 46. Rc1 Rc8 47. Bd3 Kf7 48. Ke2 f5 49. Be3 Bb2 50. Rb1 Ba3 51. Rb7+ Kf6 52. Bg5# 1-0


[Site "https://www.chess.com"]

[Event "Titled Tuesday Blitz July 25 Late 2023"]
[White "PerAsperaAdAstraCB"]
[Black "Schnaider, Ilan"]
[BlackFideId "169013"]
[WhiteElo "2484"]
[BlackElo "2748"]
[Result "1-0"]
[Round "3"]
[TimeControl "180+2"]
[Date "2023.07.25"]
[WhiteClock "0:00:14"]
[BlackClock "0:00:00"]
[Board "65"]

1. d4 d5 2. Bf4 Nf6 3. e3 c5 4. Nc3 cxd4 5. exd4 a6 6. Nf3 Nc6 7. Ne5 Bd7 8. Nxd7 Qxd7 9. Be2 e6 10. O-O Bd6 11. Be3 O-O 12. Bf3 Rad8 13. Ne2 e5 14. dxe5 Nxe5 15. Nd4 Nc4 16. Bg5 Be5 17. b3 Nd6 18. Re1 Nde4 19. Bh4 Rfe8 20. Qd3 Rc8 21. Rad1 Rc3 22. Qf1 Qc7 23. Bg3 Nxg3 24. hxg3 Qc5 25. Qe2 g6 26. Qd2 Kg7 27. a4 Bxd4 28. Rxe8 Bxf2+ 29. Qxf2 Qxf2+ 30. Kxf2 Nxe8 31. Rxd5 Rxc2+ 32. Ke3 Nf6 33. Rd3 b5 34. a5 Ra2 35. b4 Rb2 36. Rd4 Rb3+ 37. Kf4 h6 38. Ke5 g5 39. g4 Ng8 40. Kd6 Kf6 41. Kc7 Ke5 42. Re4+ Kf6 43. Kb6 Ne7 44. Kxa6 Nd5 45. Kxb5 Ra3 46. Rd4 Nc3+ 47. Kb6 Na4+ 48. Kc6 Rc3+ 49. Kb5 Ra3 50. a6 Nc3+ 51. Kb6 Ke5 52. Rc4 Na4+ 53. Kb7 Nb2 54. Rc5+ Kd6 55. Rc6+ Kd7 56. b5 Nd3 57. Rf6 Ne5 58. a7 Ke7 59. Rb6 Nd7 60. Ra6 Nc5+ 61. Kb6 Nxa6 62. bxa6 Rb3+ 63. Kc5 Rc3+ 64. Kd4 Rc8 65. a8=Q Rd8+ 66. Qxd8+ Kxd8 67. a7 1-0


[Site "https://www.chess.com"]

[Event "Titled Tuesday Blitz July 25 Late 2023"]
[White "Michalczak, Thomas"]
[Black "Skvortsov, Andrei"]
[WhiteFideId "4622634"]
[BlackFideId "24108600"]
[WhiteElo "2483"]
[BlackElo "2744"]
[Result "1-0"]
[Round "3"]
[TimeControl "180+2"]
[Date "2023.07.25"]
[WhiteClock "0:00:12"]
[BlackClock "0:00:53"]
[Board "66"]

1. e4 c6 2. d4 d5 3. Nc3 dxe4 4. Nxe4 Nf6 5. Nxf6+ exf6 6. c3 Bd6 7. Bd3 O-O 8. Qc2 Re8+ 9. Ne2 h5 10. Bd2 Nd7 11. O-O Nf8 12. Rae1 Bd7 13. Kh1 Qc7 14. h3 Ne6 15. f4 b5 16. b3 g6 17. Bxg6 fxg6 18. Qxg6+ Ng7 19. Qxf6 Rf8 20. Qh6 Rae8 21. c4 Rf5 22. Ng3 Rxe1 23. Rxe1 Rxf4 24. Nxh5 Nxh5 25. Qxh5 Rf7 26. Bh6 Bf8 27. Bxf8 Qg3 28. Bb4 Rh7 29. Re8+ Bxe8 30. Qxe8+ Kg7 31. Bf8+ Kf6 32. Qd8+ Kf5 33. Qc8+ Ke4 34. Qxc6+ Ke3 35. Bh6+ Kxd4 36. Qd5+ Kc3 37. Qd2# 1-0


[Site "https://www.chess.com"]

[Event "Titled Tuesday Blitz July 25 Late 2023"]
[White "Remizov, Yaroslav"]
[Black "Papayan, Oleg"]
[WhiteFideId "34134015"]
[BlackFideId "4193911"]
[WhiteElo "2736"]
[BlackElo "2482"]
[Result "1-0"]
[Round "3"]
[TimeControl "180+2"]
[Date "2023.07.25"]
[WhiteClock "0:01:22"]
[BlackClock "0:00:00"]
[Board "67"]

1. e4 d5 2. exd5 Qxd5 3. Nc3 Qd8 4. g3 c6 5. Bg2 Bf5 6. Nge2 e6 7. O-O Nf6 8. h3 Bd6 9. d3 O-O 10. Bf4 Bxf4 11. Nxf4 Nbd7 12. Re1 Qb6 13. g4 Bg6 14. Qd2 Nd5 15. Ncxd5 cxd5 16. h4 h5 17. gxh5 Bf5 18. c4 d4 19. b4 a5 20. Rab1 e5 21. Nd5 Qd8 22. Qg5 Qxg5 23. hxg5 Bxd3 24. bxa5 Bxb1 25. Rxb1 Rxa5 26. Rxb7 Nc5 27. Rb5 Rxb5 28. cxb5 d3 29. Kf1 Rb8 30. Nc3 e4 31. Ke1 Ra8 32. Nxe4 Nxe4 33. Bxe4 Rxa2 34. Bxd3 Rb2 35. f4 Kf8 36. h6 gxh6 37. gxh6 Kg8 38. Kd1 f6 39. Kc1 Rb4 40. Kc2 Rxf4 41. Kc3 Rf2 42. b6 1-0


[Site "https://www.chess.com"]

[Event "Titled Tuesday Blitz July 25 Late 2023"]
[White "Panesar Vedant"]
[Black "Tifferet, Shaked"]
[WhiteFideId "35033018"]
[BlackFideId "2811529"]
[WhiteElo "2702"]
[BlackElo "2478"]
[Result "1/2-1/2"]
[Round "3"]
[TimeControl "180+2"]
[Date "2023.07.25"]
[WhiteClock "0:00:13"]
[BlackClock "0:00:06"]
[Board "68"]

1. d4 d5 2. c4 c6 3. Nf3 Nf6 4. Nc3 g6 5. Bg5 Bg7 6. e3 O-O 7. Be2 a6 8. O-O Bg4 9. cxd5 cxd5 10. Qb3 Nbd7 11. h3 Bxf3 12. Bxf3 e6 13. Rfc1 Qb6 14. Qxb6 Nxb6 15. b3 Rac8 16. Bf4 Rc6 17. Ne2 Rfc8 18. g4 Ne4 19. Rxc6 Rxc6 20. Rc1 Rxc1+ 21. Nxc1 Nc3 22. Kf1 Bf8 23. Bc7 Ba3 24. Bxb6 Bxc1 25. a4 Ba3 26. h4 Bb4 27. h5 Nb1 28. Bd1 Nd2+ 29. Ke2 Ne4 30. Bc2 Nf6 31. hxg6 hxg6 32. f3 Kf8 33. Bc7 Ne8 34. Bg3 Bd6 35. Be1 Ke7 36. Bd3 Kd7 37. b4 Nc7 38. b5 axb5 39. axb5 Na8 40. Ba5 b6 41. Bc3 Nc7 42. Kf2 Be7 43. Ke2 Ne8 44. e4 Nc7 45. e5 Bf8 46. f4 Bh6 47. Kf3 Ne8 48. f5 gxf5 49. gxf5 Ng7 50. f6 Ne8 51. Kf2 Nc7 52. Be2 Ke8 53. Ke1 Kd7 54. Kd1 Be3 55. Kc2 Bh6 56. Kb3 Ke8 57. Ka4 Na8 58. Kb3 Be3 59. Bd3 Bf2 60. Kc2 Be3 61. Kd1 Bh6 62. Ke2 Bg5 63. Kf3 Bh6 64. Kg4 Kf8 65. Bb4+ Ke8 66. Kf3 Bg5 67. Bd6 Bh6 68. Kg4 Bc1 69. Kh5 Be3 70. Be2 Bd2 71. Bf3 Be3 72. Bg4 Bf4 73. Bd1 Be3 74. Bc2 Bd2 75. Ba3 Be3 76. Bb2 Bd2 77. Bd3 Nc7 78. Kg4 Be3 79. Kf3 Bh6 80. Ke2 Na8 81. Bc3 Bg5 82. Bc2 Bh6 83. Ba4 Bg5 84. Kd3 Bh6 85. Kc2 Bg5 86. Bb4 Be3 87. Kd3 Bf4 88. Bd6 Bg5 89. Bd1 Bh6 90. Bh5 Bg5 91. Bf3 Bh6 92. Bb8 Bg5 93. Bd6 Bh6 94. Bb4 Bg5 95. Be1 Bh6 96. Bd2 Bxd2 97. Kxd2 Nc7 98. Be2 Kf8 99. Ke3 Kg8 100. Kf4 Kh7 101. Kg5 Kg8 102. Kh6 Na8 103. Bd3 Nc7 104. Bh7+ Kf8 105. Bd3 Na8 106. Kh7 Nc7 107. Kh8 Na8 108. Kh7 Nc7 109. Kh8 Na8 110. Kh7 1/2-1/2


[Site "https://www.chess.com"]

[Event "Titled Tuesday Blitz July 25 Late 2023"]
[White "Gulamali, Kazim"]
[Black "Korchmar, Vasiliy"]
[WhiteFideId "2024764"]
[BlackFideId "24131750"]
[WhiteElo "2473"]
[BlackElo "2700"]
[Result "1-0"]
[Round "3"]
[TimeControl "180+2"]
[Date "2023.07.25"]
[WhiteClock "0:01:26"]
[BlackClock "0:00:29"]
[Board "69"]

1. e4 c5 2. d4 cxd4 3. Nf3 Nc6 4. Nxd4 Nf6 5. Nc3 d6 6. g3 g6 7. Nb3 Bg7 8. Bg2 h5 9. h3 Bd7 10. Bg5 Rb8 11. Qe2 b5 12. O-O-O O-O 13. f4 Nh7 14. Bh4 a5 15. e5 a4 16. Nd4 Nxd4 17. Rxd4 dxe5 18. fxe5 g5 19. Rhd1 b4 20. Rxd7 Qa5 21. Nd5 gxh4 22. Qxh5 Rbe8 23. Be4 f5 24. Nxe7+ Rxe7 25. Rxe7 fxe4 26. Rxg7+ Kxg7 27. Rd7+ 1-0


[Site "https://www.chess.com"]

[Event "Titled Tuesday Blitz July 25 Late 2023"]
[White "Adewumi, Tanitoluwa"]
[Black "Dinu, Dumitru-Daniel"]
[WhiteFideId "30966396"]
[BlackFideId "1208403"]
[WhiteElo "2687"]
[BlackElo "2473"]
[Result "1-0"]
[Round "3"]
[TimeControl "180+2"]
[Date "2023.07.25"]
[WhiteClock "0:00:07"]
[BlackClock "0:00:00"]
[Board "70"]

1. e4 c5 2. Nf3 Nc6 3. Bb5 g6 4. Bxc6 dxc6 5. d3 Bg7 6. h3 Nf6 7. Nc3 Nd7 8. O-O e5 9. Be3 O-O 10. Qd2 b6 11. Bh6 f6 12. Nh2 Re8 13. Bxg7 Kxg7 14. f4 exf4 15. Rxf4 Ne5 16. Raf1 Rf8 17. Ne2 Be6 18. Ng3 c4 19. d4 c5 20. d5 Bd7 21. Rh4 h5 22. Rhf4 Qe7 23. R4f2 Rad8 24. Qf4 Bc8 25. Qh4 Rde8 26. Ne2 f5 27. Qxe7+ Rxe7 28. exf5 Rxf5 29. Nf4 Ref7 30. g3 Kh6 31. h4 Kg7 32. Kg2 Bd7 33. Re1 Re7 34. Rfe2 Kf6 35. Nf3 Nxf3 36. Rxe7 Nxe1+ 37. Rxe1 Kf7 38. d6 Bc6+ 39. Kg1 Kf6 40. Re6+ Kf7 41. Re7+ Kf6 42. Rc7 Bb5 43. Rxa7 Re5 44. d7 Re1+ 45. Kf2 Rd1 46. Ke2 Rxd7 47. Rxd7 Bxd7 48. Ke3 Bf5 49. Nd5+ Ke5 50. Nxb6 Bxc2 51. Nxc4+ Kd5 52. Nd2 c4 53. Nf3 Bf5 54. a3 Bb1 55. Nd4 Be4 56. Ne2 Bd3 57. Nc3+ Ke5 58. a4 Bf5 59. a5 Bc8 60. Ne2 Ba6 61. Nf4 Kf5 62. Kf3 Bb7+ 63. Ke3 Ba6 64. Nd5 Kg4 65. Kf2 Kf5 66. Nb4 Bb7 67. a6 Ba8 68. a7 Ke5 69. Ke3 1-0


[Site "https://www.chess.com"]

[Event "Titled Tuesday Blitz July 25 Late 2023"]
[White "ArchibaldCerveza29"]
[Black "Sabuk, Piotr"]
[BlackFideId "1137565"]
[WhiteElo "2471"]
[BlackElo "2682"]
[Result "0-1"]
[Round "3"]
[TimeControl "180+2"]
[Date "2023.07.25"]
[WhiteClock "0:00:23"]
[BlackClock "0:00:52"]
[Board "71"]

1. d4 Nf6 2. Nf3 b6 3. g3 Bb7 4. Bg2 c5 5. O-O cxd4 6. b3 Qc7 7. Bb2 e5 8. c3 Be7 9. cxd4 e4 10. Ne5 d6 11. Nc4 b5 12. Ncd2 d5 13. Nc3 b4 14. Na4 Nbd7 15. Rc1 Qa5 16. f3 e3 17. Nb1 O-O 18. Qd3 Rfe8 19. Qxe3 Ba6 20. Rfe1 Bb5 21. Qd2 Bxa4 22. bxa4 Qxa4 23. e4 Nb6 24. e5 Nfd7 25. f4 Nc4 26. Qf2 Ndb6 27. Bxd5 Nxd5 28. Rxc4 Qxa2 29. Rec1 a5 30. f5 a4 31. f6 gxf6 32. exf6 Bxf6 33. Qf3 Rad8 34. Rc6 Qxb2 0-1


[Site "https://www.chess.com"]

[Event "Titled Tuesday Blitz July 25 Late 2023"]
[White "Urbina Perez, Juan Antonio"]
[Black "Gubajdullin, Alexei"]
[WhiteFideId "2217368"]
[BlackFideId "4141202"]
[WhiteElo "2465"]
[BlackElo "2681"]
[Result "1-0"]
[Round "3"]
[TimeControl "180+2"]
[Date "2023.07.25"]
[WhiteClock "0:00:56"]
[BlackClock "0:00:59"]
[Board "72"]

1. e4 c6 2. d4 d5 3. Nd2 dxe4 4. Nxe4 Nf6 5. Nxf6+ exf6 6. c3 Bd6 7. Bd3 a5 8. Ne2 Qc7 9. h3 h5 10. Qc2 a4 11. a3 Nd7 12. Be3 Nb6 13. c4 c5 14. d5 Kf8 15. O-O-O Nd7 16. f4 h4 17. Rdf1 b6 18. Nc3 Ba6 19. Rhg1 g6 20. g4 hxg3 21. Rxg3 f5 22. Bxf5 gxf5 23. Qxf5 Bxc4 24. Rfg1 Qd8 25. Ne4 Bd3 26. Rg7 Nf6 27. Rxf7+ Kxf7 28. Qe6+ Kf8 29. Nxf6 Ra7 30. Rg8+ Rxg8 31. Qxg8+ Ke7 32. Qg7# 1-0


[Site "https://www.chess.com"]

[Event "Titled Tuesday Blitz July 25 Late 2023"]
[White "Grossboss19"]
[Black "Bryakin, Mikhail"]
[BlackFideId "4165314"]
[WhiteElo "2464"]
[BlackElo "2681"]
[Result "0-1"]
[Round "3"]
[TimeControl "180+2"]
[Date "2023.07.25"]
[WhiteClock "0:00:00"]
[BlackClock "0:01:26"]
[Board "73"]

1. d4 f5 2. c3 Nf6 3. Nf3 g6 4. g3 Bg7 5. Bg2 O-O 6. O-O d6 7. Re1 Nbd7 8. Nbd2 e5 9. dxe5 Nxe5 10. Nxe5 dxe5 11. e4 f4 12. Nc4 Qe7 13. gxf4 exf4 14. Bxf4 Be6 15. Nd2 Nh5 16. Be3 Nf4 17. Bxf4 Rxf4 18. e5 c6 19. Qe2 Raf8 20. Rf1 Bg4 21. f3 Bh5 22. Rae1 Kh8 23. Kh1 Re8 24. e6 Qh4 25. Qf2 Qxf2 26. Rxf2 Bf6 27. Rfe2 Kg7 28. Nb3 Be7 29. Re4 Rxe4 30. Rxe4 b6 31. Nd4 c5 32. Nc6 Bd6 33. b4 Kf6 34. b5 Rxe6 35. Rxe6+ Kxe6 36. c4 g5 37. Bh3+ Kf6 38. Nxa7 Bxf3+ 39. Bg2 Be2 40. Bd5 h5 41. a4 Bd1 42. Nc8 Bc7 43. a5 bxa5 44. b6 Bf4 45. Na7 a4 46. Nb5 g4 47. Kg2 h4 48. h3 g3 49. Na3 Ke5 50. Nb5 Kf5 51. Bc6 Bb8 52. Bd5 Kf4 53. Nc3 Bb3 54. Nb5 Ke3 55. Bc6 Bxc4 56. Nd6 Bxd6 57. Bxa4 Bd5+ 58. Kg1 c4 0-1


[Site "https://www.chess.com"]

[Event "Titled Tuesday Blitz July 25 Late 2023"]
[White "Fisher_TheGalactic"]
[Black "Perske, Thore"]
[BlackFideId "12902195"]
[WhiteElo "2678"]
[BlackElo "2460"]
[Result "1-0"]
[Round "3"]
[TimeControl "180+2"]
[Date "2023.07.25"]
[WhiteClock "0:02:26"]
[BlackClock "0:01:39"]
[Board "74"]

1. e4 e6 2. Nf3 d5 3. exd5 exd5 4. d4 Nc6 5. Bd3 Bd6 6. O-O Nge7 7. c3 Bf5 8. Re1 Bxd3 9. Qxd3 Qd7 10. b4 O-O 11. Bg5 Qf5 12. Qd2 Qg6 13. b5 f6 14. Bf4 1-0


[Site "https://www.chess.com"]

[Event "Titled Tuesday Blitz July 25 Late 2023"]
[White "brm72"]
[Black "Castella Garcia, Fausto"]
[BlackFideId "3501922"]
[WhiteElo "2654"]
[BlackElo "2454"]
[Result "1-0"]
[Round "3"]
[TimeControl "180+2"]
[Date "2023.07.25"]
[WhiteClock "0:00:16"]
[BlackClock "0:00:00"]
[Board "75"]

1. e4 c5 2. Nf3 d6 3. d4 cxd4 4. Nxd4 Nf6 5. Nc3 g6 6. f3 Bg7 7. Be3 O-O 8. Qd2 Nc6 9. O-O-O d5 10. Qe1 e6 11. Kb1 Qe7 12. h4 dxe4 13. fxe4 Ng4 14. Bg1 h5 15. Be2 Nce5 16. Nf3 Bd7 17. Nxe5 Nxe5 18. Bd4 Bc6 19. Qg3 Qc7 20. Rhf1 Rad8 21. Qe3 b6 22. a3 Rd7 23. Rd2 Rfd8 24. Rfd1 Qb7 25. Qf4 Nd3 26. Rxd3 Bxd4 27. g4 Bxc3 28. bxc3 Rxd3 29. cxd3 Qe7 30. Kb2 e5 31. Qe3 hxg4 32. h5 g5 33. Bxg4 f6 34. Bf5 Kh8 35. d4 exd4 36. cxd4 Re8 37. Re1 Qd6 38. e5 Qd5 39. Qc3 Qb5+ 40. Ka1 fxe5 41. dxe5 Qc5 42. Qb2 Kg8 43. h6 Bd5 44. h7+ Kh8 45. e6+ 1-0


[Site "https://www.chess.com"]

[Event "Titled Tuesday Blitz July 25 Late 2023"]
[White "Bjelobrk, Igor"]
[Black "Toncheva, Nadya"]
[WhiteFideId "4300726"]
[BlackFideId "2924056"]
[WhiteElo "2652"]
[BlackElo "2453"]
[Result "1-0"]
[Round "3"]
[TimeControl "180+2"]
[Date "2023.07.25"]
[WhiteClock "0:00:38"]
[BlackClock "0:00:12"]
[Board "76"]

1. d4 d5 2. c4 dxc4 3. Nf3 Nf6 4. e3 Bg4 5. Bxc4 e6 6. h3 Bh5 7. Nc3 a6 8. g4 Bg6 9. Ne5 Nbd7 10. Nxg6 hxg6 11. Qf3 c6 12. Bd2 Bd6 13. O-O-O Qe7 14. Kb1 Nd5 15. e4 Nxc3+ 16. Bxc3 b5 17. Bb3 e5 18. Qxf7+ Qxf7 19. Bxf7+ Kxf7 20. dxe5 Bxe5 21. Rxd7+ Ke6 22. Rhd1 Rxh3 23. Bxe5 Kxe5 24. Rxg7 Kxe4 25. Rxg6 c5 26. Re6+ Kf4 27. Rg1 Rh2 28. Rf6+ Ke4 29. g5 Rg8 30. g6 Rg7 31. f4 Rf2 32. Re1+ Kf3 33. f5 Kf4 34. Rf7 Rg8 35. g7 Kg5 36. Rg1+ Kh6 37. f6 Kh7 38. Rf8 Rh2 39. Rxg8 Kxg8 40. f7+ 1-0


[Site "https://www.chess.com"]

[Event "Titled Tuesday Blitz July 25 Late 2023"]
[White "Bobkov, Vadim"]
[Black "Shuvalova, Polina"]
[WhiteFideId "34110876"]
[BlackFideId "24171760"]
[WhiteElo "2451"]
[BlackElo "2644"]
[Result "1-0"]
[Round "3"]
[TimeControl "180+2"]
[Date "2023.07.25"]
[WhiteClock "0:00:03"]
[BlackClock "0:00:01"]
[Board "77"]

1. d4 Nf6 2. c4 c5 3. d5 d6 4. Nc3 g6 5. e4 Bg7 6. Bd3 O-O 7. Nge2 e6 8. h3 Re8 9. O-O exd5 10. exd5 Nbd7 11. f4 a6 12. a4 Nf8 13. Qc2 Bd7 14. f5 Bxf5 15. Bxf5 gxf5 16. Qxf5 Qd7 17. Qf3 h6 18. Ng3 Ng6 19. Nf5 Nh7 20. Bxh6 Bd4+ 21. Nxd4 cxd4 22. Ne4 Qe7 23. Nxd6 Red8 24. Rae1 Qd7 25. Nxf7 Rf8 26. Bxf8 Rxf8 27. Qh5 Kg7 28. Qh6+ Kg8 29. Qxg6# 1-0


[Site "https://www.chess.com"]

[Event "Titled Tuesday Blitz July 25 Late 2023"]
[White "Voege, Tobias"]
[Black "Kirillov, Dmitry"]
[WhiteFideId "1270513"]
[BlackFideId "34180572"]
[WhiteElo "2623"]
[BlackElo "2450"]
[Result "1/2-1/2"]
[Round "3"]
[TimeControl "180+2"]
[Date "2023.07.25"]
[WhiteClock "0:00:06"]
[BlackClock "0:00:11"]
[Board "78"]

1. e4 c5 2. Nf3 e6 3. d4 cxd4 4. Nxd4 Nf6 5. Nc3 Nc6 6. Be3 Bb4 7. Bd3 d5 8. exd5 Nxd5 9. Qd2 Nxe3 10. fxe3 e5 11. Nxc6 bxc6 12. a3 Be7 13. O-O O-O 14. Rad1 Rb8 15. Qe2 Qb6 16. b4 g6 17. Kh1 Kg7 18. Na4 Qc7 19. Be4 f5 20. Bd3 e4 21. Bc4 Bd6 22. g3 h5 23. Qg2 Rh8 24. Be2 Be6 25. c4 h4 26. g4 h3 27. Qf2 Rbf8 28. g5 f4 29. exf4 Rxf4 30. Qd4+ Be5 31. Qe3 Rhf8 32. Nc5 Rxf1+ 33. Rxf1 Rxf1+ 34. Bxf1 Bg4 35. Qxe4 Bf5 36. Qxf5 gxf5 37. Ne6+ Kg6 38. Nxc7 Bxc7 39. Bxh3 Kxg5 40. Bg2 c5 41. bxc5 Kf4 42. Bd5 Ke3 43. h4 f4 44. Kg2 Kd4 45. h5 Kxc5 46. Kf3 Be5 47. Ke4 Bh8 48. h6 a5 49. h7 a4 50. Kf5 f3 51. Bxf3 Kxc4 52. Bd1 Kc3 53. Bxa4 Kb2 54. Bd7 Kxa3 55. Ke6 Bb2 56. Kf7 Bh8 57. Kg8 Bb2 58. Be6 Bc3 59. h8=Q Bxh8 1/2-1/2


[Site "https://www.chess.com"]

[Event "Titled Tuesday Blitz July 25 Late 2023"]
[White "Ehlvest, Jaan"]
[Black "Balla, Tamas-Kristof"]
[WhiteFideId "4500016"]
[BlackFideId "1208497"]
[WhiteElo "2621"]
[BlackElo "2449"]
[Result "1-0"]
[Round "3"]
[TimeControl "180+2"]
[Date "2023.07.25"]
[WhiteClock "0:02:21"]
[BlackClock "0:00:02"]
[Board "79"]

1. e4 c5 2. Na3 e6 3. c3 d5 4. e5 Nc6 5. Nf3 Nge7 6. d4 cxd4 7. cxd4 Nf5 8. Nc2 f6 9. Bd3 fxe5 10. dxe5 Be7 11. Bxf5 exf5 12. O-O O-O 13. Ncd4 Nxd4 14. Nxd4 Bc5 15. Nb3 Bb6 16. Be3 f4 17. Bxb6 axb6 18. f3 Be6 19. Nd4 Qe7 20. Qd2 Bd7 21. a3 Bc6 22. Rfe1 Rad8 23. Rac1 Qf7 24. e6 Qe7 25. b4 Rf6 26. Rxc6 bxc6 27. Nxc6 Qd6 28. Nxd8 Qxd8 29. e7 Qe8 30. Qxd5+ Rf7 31. Qd8 1-0


[Site "https://www.chess.com"]

[Event "Titled Tuesday Blitz July 25 Late 2023"]
[White "Rangel, Daniel"]
[Black "Omelja, Artem"]
[WhiteFideId "2124475"]
[BlackFideId "14119846"]
[WhiteElo "2449"]
[BlackElo "2620"]
[Result "0-1"]
[Round "3"]
[TimeControl "180+2"]
[Date "2023.07.25"]
[WhiteClock "0:00:00"]
[BlackClock "0:01:35"]
[Board "80"]

1. c4 c6 2. d4 d5 3. cxd5 cxd5 4. Nc3 Nc6 5. Nf3 Nf6 6. Bf4 e6 7. e3 Be7 8. Bd3 O-O 9. O-O a6 10. h3 b5 11. Rc1 Bb7 12. Bb1 Rc8 13. b3 Ba3 14. Ne2 Bxc1 15. Nxc1 h6 16. Nd3 Nd7 17. Nc5 Nxc5 18. dxc5 Re8 19. Qc2 f5 20. Ne5 Qf6 21. Nd7 Qe7 22. Ne5 Nxe5 23. Bxe5 Qxc5 24. Qb2 Qe7 25. f4 b4 26. Bd4 Rc7 27. Rf3 Kh7 28. Rg3 g6 29. h4 Qxh4 30. Rh3 Qe1+ 31. Kh2 Rc1 32. Bg7 Qg1+ 33. Kg3 Qxe3+ 34. Kh2 Qxf4+ 35. g3 Rxb1 36. Qxb1 Qf2+ 37. Kh1 d4+ 0-1


[Site "https://www.chess.com"]

[Event "Titled Tuesday Blitz July 25 Late 2023"]
[White "Omariev, Maksim"]
[Black "musclemonster12"]
[WhiteFideId "4193423"]
[WhiteElo "2447"]
[BlackElo "2616"]
[Result "0-1"]
[Round "3"]
[TimeControl "180+2"]
[Date "2023.07.25"]
[WhiteClock "0:00:27"]
[BlackClock "0:01:29"]
[Board "81"]

1. g4 d5 2. Bg2 Bxg4 3. c4 c6 4. Qb3 e6 5. cxd5 exd5 6. Qxb7 Nd7 7. d4 Bd6 8. Nc3 Ne7 9. h3 Bh5 10. Bg5 f6 11. Bd2 O-O 12. Nf3 Rb8 13. Qxa7 Rxb2 14. Na4 Rb5 15. O-O Nc8 16. Qa6 Nb8 17. Qa8 Rf7 0-1


[Site "https://www.chess.com"]